Map: Ulrena

Players

LSP - Winner!

  • Race: Terran Terran
  • League: Diamond

LilDicky

  • Race: Terran Terran
  • League: Diamond

VOD

http://www.twitch.tv/tumescentpie

Description

Time

  • Played on: Nov. 24, 2015, midnight
  • Length: 7:08
Show
View Real Time Build Order
Export as new Build Order

LSP Terran - Winner!

Build Orders: Reaper Expand 

Get SALT Encoding   

  12  0:01  SCV  
  13  0:13  SCV  
  14  0:17  Supply Depot  
  14  0:25  SCV  
  15  0:39  SCV  
  15  0:40  Barracks  
  16  0:45  Refinery  
  16  0:52  SCV  
  17  1:04  SCV  
  18  1:16  SCV  
  19  1:29  Reaper  
  19  1:30  Orbital Command  
  20  1:41  Command Center  
  20  1:54  Supply Depot  
  20  1:58  SCV  
  21  2:05  Factory  
  21  2:07  Marine  
  22  2:12  SCV  
  23  2:28  SCV  
  24  2:32  Barracks Reactor  
  24  2:40  SCV  
  24  2:41  Refinery  
  25  2:52  SCV  
  25  2:58  Orbital Command  
  26  3:00  Hellion  
  26  3:09  Marine x2  
  23  3:38  Hellion x2  
  23  3:39  Barracks Tech Lab  
  26  3:42  SCV x2  
  26  3:59  Hellion x2  
  28  4:09  Marauder  
  21  4:21  Hellion x2  
  24  4:24  Orbital Command  
  24  4:27  SCV  
  25  4:47  Hellion x2  
  25  4:50  SCV x2  
  25  4:52  Stimpack  
  31  4:56  Marauder  
  33  5:04  SCV  
  33  5:06  SCV  
  35  5:08  Hellion  
  35  5:09  Hellion, Orbital Command  
  35  5:30  Hellion x2  
  39  5:44  Marauder  
  39  5:46  SCV x2  
  43  5:51  Starport  
  43  5:58  SCV  
  36  6:13  Hellion x2  
  36  6:15  SCV x2  
  42  6:21  Marine  
  43  6:27  SCV  
  44  6:36  SCV  
  44  6:39  SCV  
  46  6:40  Starport Tech Lab  
  46  6:41  Supply Depot  
  46  6:42  Supply Depot  
  46  6:45  Command Center  
Show
View Real Time Build Order
Export as new Build Order

LilDicky Terran 

Build Orders:  

Get SALT Encoding   

  12  0:02  SCV  
  13  0:14  SCV  
  13  0:18  Supply Depot  
  14  0:26  SCV  
  15  0:29  Refinery  
  15  0:40  SCV  
  16  0:45  Barracks  
  16  0:52  SCV  
  17  1:04  SCV  
  18  1:06  Barracks  
  18  1:16  SCV  
  19  1:28  SCV  
  20  1:34  Supply Depot, Reaper  
  21  1:40  SCV  
  21  1:46  Barracks  
  23  1:58  Reaper  
  23  2:00  Orbital Command  
  23  2:06  Reaper  
  24  2:30  SCV  
  24  2:34  Reaper  
  27  2:37  Refinery  
  27  2:40  Barracks  
  27  2:42  SCV  
  29  2:47  Reaper  
  29  2:50  Reaper  
  29  2:55  SCV  
  30  3:23  Reaper  
  31  3:31  Command Center  
  31  3:35  Supply Depot  
  31  3:38  SCV, Reaper x2  
  34  3:57  Reaper x2  
  35  4:10  Reaper  
  35  4:11  Reaper  
  37  4:30  Supply Depot  
  37  4:31  Supply Depot  
  38  4:33  Command Center  
  34  4:49  Barracks Tech Lab  
  34  4:50  Barracks Reactor  
  32  4:59  Barracks Reactor  
  32  5:03  Factory  
  31  5:07  Barracks Reactor  
  31  5:08  Barracks Reactor  
  31  5:16  Orbital Command  
  31  5:17  Marine  
  29  5:33  Orbital Command  
  29  5:35  Marine  
  25  5:44  Marine x2  
  25  5:45  Marine x2  
  29  5:55  Marine x2  
  22  5:58  Orbital Command  
  22  5:59  Marine  
  22  6:02  Marine  
  17  6:05  SCV x2  
  13  6:12  Widow Mine  
  13  6:17  SCV x2, Marine  
  18  6:25  SCV  
  18  6:29  SCV x2  
  21  6:38  SCV  
  22  6:40  Orbital Command, Marine  
  22  6:41  SCV, Marine  
Tags
 
Add a new tag
Caveats
  • Supply blocks, unpowered buildings, or Contaminate may cause inaccurate times.
  • Supply counts are checked every 10 seconds.